 Dungeon Crawl Stone Soup version 0.23-a0-639-ga9a3373 (webtiles) character file.

29 zishaf the Firebug (level 3, -1/27 HPs)
             Began as a Draconian Fire Elementalist on Dec 30, 2018.
             Killed from afar by Natasha (7 damage)
             ... with a magic dart
             ... on level 1 of the Dungeon.
             The game lasted 00:03:05 (1118 turns).

zishaf the Firebug (Draconian Fire Elementalist)    Turns: 1118, Time: 00:03:05

Health: -1/27      AC:  5    Str: 10    XL:     3   Next: 1%
Magic:  2/6        EV: 12    Int: 16    God:
Gold:   66         SH:  0    Dex: 11    Spells: 5/6 levels left

rFire    . . .     SeeInvis .   i - +2 short sword (speed)
rCold    . . .     Gourm    .   (no shield)
rNeg     . . .     Faith    .   (armour unavailable)
rPois    .         Spirit   .   (helmet restricted)
rElec    .         Reflect  .   (no cloak)
rCorr    .         Harm     .   (no gloves)
MR       .....                  (no boots)
Stlth    ++........             (no amulet)
HPRegen  0.09/turn              (no ring)
MPRegen  0.10/turn              (no ring)

@: no status effects
A: unfitting armour, cold-blooded, AC +5
a: no special abilities


You were on level 1 of the Dungeon.
You were not hungry.

You visited 1 branch of the dungeon, and saw 2 of its levels.

You collected 66 gold pieces.

Inventory:

Hand Weapons
 i - a +2 short sword of speed (weapon)
Scrolls
 c - 2 scrolls of amnesia {unknown}
 f - a scroll of teleportation {unknown}
 g - a scroll of fog {unknown}
 k - a scroll of noise {unknown}
Potions
 a - a potion of curing {unknown}
 d - a potion of flight {unknown}
 e - a potion of mutation {unknown}
 j - a potion of magic {unknown}
Comestibles
 b - 2 rations
 h - a chunk of flesh


   Skills:
 + Level 0.4 Fighting
 + Level 2.1 Dodging
 - Level 2.0 Stealth
 - Level 2.1 Spellcasting
 * Level 1.6 Conjurations
 * Level 3.4 Fire Magic


You had 5 spell levels left.
You knew the following spells:

 Your Spells              Type           Power        Failure   Level  Hunger
a - Flame Tongue          Conj/Fire      #....        8%          1    #......

Your spell library contained the following spells:

 Spells                   Type           Power        Failure   Level  Hunger
 Throw Flame              Conj/Fire      #.....       11%         2    ###....
 Conjure Flame            Conj/Fire      #.......     22%         3    ###....
 Inner Flame              Hex/Fire       #.......     30%         3    ###....
 Sticky Flame             Conj/Fire      #.......     58%         4    #####..
 Fireball                 Conj/Fire      #.........   90%         5    ######.


Dungeon Overview and Level Annotations

Branches:
Dungeon (2/15)

Altars:
Ashenzari

Annotations:
D:1 Natasha


Innate Abilities, Weirdness & Mutations

Your plain brown scales are hard. (AC +5)
You cannot fit into any form of body armour.
You are cold-blooded and may be slowed by cold attacks.


Message History

The flame tongue hits Natasha.
Natasha is lightly wounded.
Natasha closely misses you. The worm bites you! Natasha claws you.
Natasha claws you. The worm barely misses you.
You climb upwards.
Natasha enters a dispersal trap!
The worm blinks! x2
You blink.
Natasha blinks!
Natasha claws you but does no damage. Natasha barely misses you.
You feel yourself speed up. The worm bites you.
* * * LOW HITPOINT WARNING * * *
Natasha stares at you and mumbles some strange words.
You resist with significant effort.
Natasha casts a spell.
The worm enters a dispersal trap!
Natasha blinks!
The shadow imp blinks! x2
Natasha blinks!
You blink.
The worm blinks!
Things that are here:
a goblin skeleton; a rat skeleton Natasha stares at you and mumbles some strange words.
The magic dart hits you!
You die...

####)..# ####...##
#.....>.# #..§.§..#
###.......#
#.........#
#......5.w#
#...h.÷...#
########......@..#
##........§.......###
#..######...........#
#......#.....#......#
#......#.....#......#
#......##...##......#
#.......#...#.......#
#.......##.##.......#
#.###....#.#....###.#


You could see a worm, Natasha and a shadow imp.

Vanquished Creatures
  An ooze (D:1)
  2 bats (D:1)
  3 giant cockroaches (D:1)
  3 goblins
  A hobgoblin (D:1)
  4 jackals (D:1)
  2 kobolds (D:1)
  A ball python (D:1)
  A frilled lizard (D:1)
  4 rats
22 creatures vanquished.

Vanquished Creatures (others)
  A dart slug (D:2)
1 creature vanquished.

Grand Total: 23 creatures vanquished

Notes
Turn   | Place    | Note
-------+----------+-------------------------------------------
     0 | D:1      | zishaf the Draconian Fire Elementalist began the quest for
                  | the Orb.
     0 | D:1      | Reached XP level 1. HP: 14/14 MP: 3/3
   410 | D:1      | Reached XP level 2. HP: 19/20 MP: 3/5
   940 | D:1      | Found a shattered altar of Ashenzari.
  1101 | D:2      | Noticed Natasha
  1107 | D:2      | Reached XP level 3. HP: 24/27 MP: 3/6
  1118 | D:1      | Killed from afar by Natasha

Vault maps used:
D:1:      dpeg_arrival_simpleton_a, nicolae_ashenzari_panopticon
D:2:      lemuel_round_altar, minmay_misc_feat_pillars, lemuel_flame_loot_1,
          uniq_robin, uniq_natasha

Skill      XL: |  1  2 |
---------------+-------+-----
Stealth        | 2 |  2.0
Dodging        | 2 |  2.1
Fighting       | |  0.4
Spellcasting   | |  2.1
Conjurations   | |  1.6
Fire Magic     | |  3.4

Action                   || total
-------------------------++-------
Melee: Unarmed           ||     5
       Tailslap          ||     1
       Short sword       ||     5
 Cast: Flame Tongue      ||    35
 Stab: Sleeping          ||     1
  Eat: Chunk             ||     1
Armor: Skin              ||    13
Dodge: Dodged            ||    28

Table legend:
 A = Non-vault XP
 B = Vault XP
 C = Vault XP percentage of total XP
 D = Non-vault monster count
 E = Vault monster count
 F = Vault count percentage of total count
                 A         B        C        D         E       F
            +---------+---------+-------+---------+---------+-------
      Total |      42 |       0 |   0.0 |      22 |       0 |   0.0
            +---------+---------+-------+---------+---------+-------
        D:1 |      39 |       0 |   0.0 |      20 |       0 |   0.0
        D:2 |       3 |       0 |   0.0 |       2 |       0 |   0.0
            +---------+---------+-------+---------+---------+-------
